 Dungeon Crawl Stone Soup version 0.30-a0-782-ge64f9170bb (webtiles) character file.

Game seed: 17370125017104909193

2379 senseless the Thaumaturge (level 9, 0/45 HPs)
             Began as a Deep Elf Summoner on Mar 7, 2023.
             Was an Initiate of the Shining One.
             Killed from afar by an electric eel (11 damage)
             ... with a bolt of electricity
             ... on level 7 of the Dungeon.
             The game lasted 00:36:55 (7657 turns).

senseless the Thaumaturge (Deep Elf Summoner)       Turns: 7657, Time: 00:36:56

Health: 0/45       AC: 13    Str:  5    XL:     9   Next: 22%
Magic:  23/23      EV: 16    Int: 25    God:    the Shining One [......]
Gold:   354        SH:  0    Dex: 15    Spells: 16/25 levels left

rFire   + . .      SeeInvis .    e - +4 dagger (protect)
rCold   . . .      Faith    .    (no shield)
rNeg    . . .      Spirit   .    a - +0 robe
rPois   .          Reflect  .    f - +2 helmet
rElec   .          Harm     .    c - +2 cloak
rCorr   .          Rampage  .    k - +0 pair of gloves
Will    .....                    (no boots)
Stlth   ++                       (no amulet)
HPRegen 0.27/turn                p - +4 ring of protection
MPRegen 0.18/turn                A - ring of protection from fire

@: glowing
A: no striking features
a: Renounce Religion


You were on level 7 of the Dungeon.
You worshipped the Shining One.
The Shining One was noncommittal.
You visited 2 branches of the dungeon, and saw 8 of its levels.

You collected 354 gold pieces.

Inventory:

Hand Weapons
 e - a +4 dagger of protection (weapon)
 t - a +2 dagger of venom
Armour
 a - a +0 robe (worn)
 c - a +2 cloak (worn)
 f - a +2 helmet (worn)
 k - a +0 pair of gloves (worn)
 u - the +3 scale mail of a volcano {-Tele rPois rC+ Dex+4}
   (You found it on level 6 of the Dungeon)

   Dex:       It affects your dexterity (+4).
   rC:        It protects you from cold.
   rPois:     It protects you from poison.
   -Tele:     It prevents most forms of teleportation.
 v - a scarf of repulsion
 w - a +2 cloak
Magical Staves
 j - a staff of fire
Jewellery
 p - a +4 ring of protection (left hand)
 A - a ring of protection from fire (right hand)
Wands
 n - a wand of digging (2)
 y - a wand of acid (7)
Scrolls
 m - a scroll of silence
 r - a scroll of fog
 s - 2 scrolls of fear
 x - a scroll of teleportation
 z - a scroll of magic mapping
 B - a scroll of identify
Potions
 b - a potion of magic
 d - a potion of heal wounds
 g - 2 potions of curing
 h - 2 potions of might {unknown}
 i - 2 potions of cancellation {unknown}
 l - 3 potions of lignification
 o - a potion of berserk rage {unknown}
 q - a potion of degeneration {unknown}


   Skills:
 + Level 7.7 Dodging
 + Level 8.5 Stealth
 + Level 8.6 Spellcasting
 + Level 8.1 Summonings


You had 16 spell levels left.
You knew the following spells:

 Your Spells              Type           Power      Damage    Failure   Level
a - Summon Small Mammal   Summ           100%       N/A       1%          1
b - Call Imp              Summ           51%        N/A       1%          2
c - Call Canine Familiar  Summ           51%        N/A       1%          3
d - Summon Guardian Gole  Hex/Summ       31%        N/A       3%          3

Your spell library contained the following spells:

 Spells                   Type           Power      Damage    Failure   Level
 Beastly Appendage        Tmut           20%        N/A       6%          1
 Sandblast                Erth           20%        2d7       6%          1
 Passwall                 Tmut/Erth      8%         N/A       9%          2
 Wereblood                Tmut           10%        N/A       9%          2
 Summon Lightning Spire   Summ/Air       31%        N/A       11%         4
 Spider Form              Tmut/Pois      10%        N/A       17%         3
 Stone Arrow              Conj/Erth      20%        3d8       17%         3


Dungeon Overview and Level Annotations

Branches:
Dungeon (7/15)             Temple (1/1) D:6

Altars:
Ashenzari
Cheibriados
Dithmenos
Gozag
Hepliaklqana
Makhleb
Nemelex Xobeh
Ru
Trog
Uskayaw
Vehumet
Wu Jian
Zin
The Shining One


Message History

The bolt of electricity hits your quokka!
Your quokka dies!
Your quokka's corpse disappears in a puff of smoke!
A bolt of electricity appears from out of your range of vision.
The bolt of electricity hits your guardian golem.
Your guardian golem resists.
A bolt of electricity appears from out of your range of vision.
Your wolf disappears in a puff of smoke!
The bolt of electricity hits your guardian golem.
Your guardian golem resists.
A bolt of electricity appears from out of your range of vision.
The bolt of electricity hits your guardian golem.
Your guardian golem resists.
A bolt of electricity appears from out of your range of vision.
The bolt of electricity hits your guardian golem.
Your guardian golem resists.
A bolt of electricity appears from out of your range of vision.
The bolt of electricity hits your guardian golem.
Your guardian golem resists.
A bolt of electricity appears from out of your range of vision.
The bolt of electricity hits your guardian golem.
Your guardian golem resists.
Your guardian golem is destroyed!
Your guardian golem disappears in a puff of smoke!
A bolt of electricity appears from out of your range of vision.
Magic restored.
HP restored.
Found 6 stones.
The electric eel shoots out a bolt of lightning at you!
The bolt of electricity hits you!
The electric eel shoots out a bolt of lightning at you!
The bolt of electricity misses you. The bolt of electricity hits you!
The electric eel shoots out a bolt of lightning at you!
The bolt of electricity hits you!
The electric eel shoots out a bolt of lightning at you!
The bolt of electricity hits you.
* * * LOW HITPOINT WARNING * * *
The electric eel shoots out a bolt of lightning at you!
The bolt of electricity hits you!
You die...

. ## ## ..### ..###.
...#####..##..#
.............####
##....(.........#### ##
#..@................ #.#
##.......#........... #.#
#................†... #.#
##...S~~~~.~~~h...#...
#.###....~≈≈≈≈.~≈≈~.######
#.##.....~≈≈S~.~≈≈~..#####
#.#......~~~~≈.~≈≈~..^....
##............?.~≈~~.......
#.........~~~~.............


You could see 2 electric eels.

Vanquished Creatures
  A phantom (D:5)
  An iguana (D:6)
  An adder (D:2)
  A worm (D:2)
  A ball python (D:3)
  3 endoplasms
  A giant cockroach (D:4)
  A hobgoblin (D:3)
  3 bats
  A frilled lizard (D:3)
  A kobold (D:3)
  A rat (D:3)
16 creatures vanquished.

Vanquished Creatures (collateral kills)
  2 water moccasins
  2 orc warriors (D:7)
  3 ice beasts
  A sky beast (D:7)
  A black bear (D:6)
  An ogre (D:6)
  A centaur (D:7)
  3 phantoms
  2 scorpions
  2 bullfrogs
  3 howler monkeys
  A lava snake (D:7)
  2 orc priests (D:7)
  5 hounds
  5 jellies
  2 iguanas (D:5)
  Jessica (D:2)
  3 orc wizards
  2 adders
  A shadow imp (D:5)
  2 white imps (D:6)
  An ufetubus (D:6)
  A worm (D:2)
  4 dart slugs
  13 orcs
  7 ball pythons
  4 endoplasms
  2 giant cockroaches
  2 goblins
  4 hobgoblins
  A kobold (D:3)
  A quokka (D:1)
  A bat (D:3)
  A frilled lizard (D:3)
  2 rats
89 creatures vanquished.

Grand Total: 105 creatures vanquished

Notes
Turn   | Place    | Note
-------+----------+-------------------------------------------
     0 | D:1      | senseless the Deep Elf Summoner began the quest for the
                  | Orb.
     0 | D:1      | Reached XP level 1. HP: 10/10 MP: 6/6
   455 | D:1      | Reached XP level 2. HP: 15/15 MP: 5/8
   732 | D:1      | Learned a level 2 spell: Call Imp
   999 | D:2      | Reached XP level 3. HP: 13/19 MP: 6/10
  1057 | D:1      | Learned a level 3 spell: Call Canine Familiar
  1301 | D:2      | Found a radiant altar of Vehumet.
  1397 | D:2      | Noticed Jessica
  1400 | D:2      | Killed Jessica
  1401 | D:2      | Reached XP level 4. HP: 24/24 MP: 6/11
  2465 | D:3      | Reached skill level 5 in Summonings
  2540 | D:3      | Found a hazy altar of Hepliaklqana.
  2823 | D:4      | Found an ornate altar of the Wu Jian Council.
  2978 | D:4      | Found a radiant altar of Vehumet.
  2980 | D:4      | Noticed a bullfrog
  2989 | D:4      | Killed a bullfrog
  2990 | D:4      | Reached XP level 5. HP: 28/28 MP: 9/13
  3237 | D:4      | Reached XP level 6. HP: 32/32 MP: 11/15
  3256 | D:4      | Reached skill level 5 in Spellcasting
  3379 | D:4      | Found a burning altar of Makhleb.
  3678 | D:5      | Entered Level 5 of the Dungeon
  3917 | D:5      | Reached skill level 5 in Stealth
  4212 | D:5      | Reached skill level 5 in Dodging
  4212 | D:5      | Reached XP level 7. HP: 36/36 MP: 11/17
  4326 | D:5      | Noticed a +0 hand axe
  4327 | D:5      | Noticed a +0 hand axe
  4344 | D:5      | Found a hide-covered altar of Uskayaw.
  5313 | D:6      | Identified the +3 scale mail of a volcano {-Tele rPois rC+
                  | Dex+4}
  5405 | D:6      | Reached XP level 8. HP: 41/41 MP: 16/20
  5900 | D:6      | Found a staircase to the Ecumenical Temple.
  5909 | Temple   | Entered the Ecumenical Temple
  5995 | Temple   | Became a worshipper of the Shining One
  6182 | D:6      | Learned a level 3 spell: Summon Guardian Golem
  6463 | D:7      | Found a shadowy altar of Dithmenos.
  6501 | D:7      | Found a sparkling altar of Nemelex Xobeh.
  6743 | D:7      | Reached XP level 9. HP: 16/45 MP: 17/23
  7657 | D:7      | Killed from afar by an electric eel

Illustrated notes

Levels and vault maps discovered:
D:1:      shiori_arrival_elements, layout_basic
D:2:      layout_basic, basic_altar, uniq_jessica
D:3:      layout_loops_cross, worldfamousw_hep_ancestral_shrine,
          minmay_misc_feat_secret_circle, kennysheep_potato
D:4:      layout_loops_ring, mainiacjoe_overflow_chevrons,
          lightli_temple_of_fire, mainiacjoe_overflow_boulevard
D:5:      layout_basic, dancing_weapons_uskayaw
D:6:      nicolae_cairo_tiling_large_dashed, layout_gridville,
          minmay_temple_entry_hall, minmay_misc_feat_square
D:7:      layout_layer_cave, kennysheep_ying_yang,
          nemelex_xobeh_ov_fountains_minmay, nicolae_dithmenos_shadow_blocks,
          nicolae_qazlal_eye_of_the_storm, enter_bailey_6, minivault_14,
          grunt_decor_junction
Temple:   nicolae_temple_superstar

Skill      XL: |  1  2  3  4  5  6  7  8  9 |
---------------+----------------------------+-----
Dodging        | 3 4 5 6 7 |  7.7
Stealth        | 3 4 5 6 8 |  8.5
Spellcasting   | 4 5 6 8 |  8.6
Summonings     | 5 6 7 8 |  8.1

Action                     |  1- 3 |  4- 6 |  7- 9 || total
---------------------------+-------+-------+-------++-------
  Melee: Quarterstaff      |     5 |       |       ||     5
         Whip              |     1 |       |       ||     1
         Dagger            |       |    36 |    15 ||    51
         Punch             |       |     1 |       ||     1
   Cast: Summon Small Mamm |    42 |    24 |    63 ||   129
         Call Imp          |     3 |    14 |     9 ||    26
         Call Canine Famil |     3 |    19 |    21 ||    43
         Summon Guardian G |       |       |    10 ||    10
    Use: Scroll            |     1 |     8 |     6 ||    15
   Stab: Sleeping          |       |     2 |       ||     2
         Distracted        |       |       |     1 ||     1
 Armour: Robe              |     3 |     7 |    10 ||    20
  Dodge: Dodged            |    14 |    24 |    21 ||    59

Table legend: (Time is in decaauts)
 A = Elapsed time spent in this place.
 B = Non-inter-level travel time spent in this place.
 C = Inter-level travel time spent in this place.
 D = Time resting spent in this place.
 E = Time spent auto-exploring this place.
 F = Levels seen in this place.
 G = Mean time per level.
                   A        B        C        D        E       F      G
               +--------+--------+--------+--------+--------+-----+--------+
         Total |   7657 |   7076 |    581 |     53 |   5621 |   8 |  957.1 |
       Dungeon |   7561 |   6988 |    573 |     53 |   5560 |   7 | 1080.1 |
        Temple |     95 |     87 |      8 |      0 |     61 |   1 |   95.0 |
               +--------+--------+--------+--------+--------+-----+--------+

Top non-repeatable levels by time:
     D:5: 1444 daAuts
     D:7: 1303 daAuts
     D:6: 1091 daAuts
     D:1: 1023 daAuts
     D:2: 967 daAuts
     D:4: 966 daAuts
     D:3: 764 daAuts
  Temple: 95 daAuts
